3A
MANCELONA TORCH @ YORK REVOLUTION
06/16/2032
 
TOP OF THE 1ST
Mancelona Torch batting - Pitching for York Revolution : RHP Edo Culley
Pitching: RHP Edo Culley
Batting: SHB Ángel Pérez 0-0: Foul Ball, location: 2F
0-1: Ball
1-1: Ball
2-1: SINGLE (Groundball, 4D)
Batting: RHB Dave Norton 0-0: Foul Ball, location: 2F
0-1: Called Strike
0-2: Ball
Ángel Pérez is caught stealing 2nd base
1-2: Strikes out swinging
Batting: LHB Badry Maksimenov 0-0: Ball
1-0: Called Strike
1-1: Foul Ball, location: 2F
1-2: Foul Ball, location: 2F
1-2: Ball
2-2: Foul Ball, location: 2F
2-2: Ball
3-2: Strikes out looking
Top of the 1st over - 0 runs, 1 hit, 0 errors, 0 left on base; Mancelona 0 - York 0
BOTTOM OF THE 1ST
York Revolution batting - Pitching for Mancelona Torch : RHP Rhys Maskell
Pitching: RHP Rhys Maskell
Batting: RHB Michael Carter 0-0: Called Strike
0-1: Ball
1-1: Ball
2-1: Fly out, F3 (Popup, 3)
Batting: LHB Travis Towns 0-0: Called Strike
0-1: Ball
1-1: Ball
2-1: Called Strike
2-2: Ball
3-2: Foul Ball, location: 2F
3-2: Base on Balls
Batting: RHB Reinaart Manshert 0-0: Called Strike
0-1: Ball
1-1: Foul Ball, location: 2F
1-2: Ball
2-2: Strikes out swinging
Batting: LHB Gong Mao 0-0: Ball
1-0: Foul Ball, location: 2F
1-1: Foul Ball, location: 2F
1-2: Foul Ball, location: 2F
1-2: Foul Ball, location: 2F
1-2: Ball
2-2: Ball
Travis Towns steals 2nd base
3-2: Foul Ball, location: 2F
3-2: Ground out U3 (Groundball, 34)
Bottom of the 1st over - 0 runs, 0 hits, 0 errors, 1 left on base; Mancelona 0 - York 0
TOP OF THE 2ND
Mancelona Torch batting - Pitching for York Revolution : RHP Edo Culley
Batting: LHB Xuan-ling Chen 0-0: Ball
1-0: Swinging Strike
1-1: Ball
2-1: Ball
3-1: Called Strike
3-2: DOUBLE (Groundball, 5L)
Batting: RHB José Reyes 0-0: Ball
1-0: Ball
2-0: SINGLE (Groundball, 56D) - runner OUT being hit by batted ball.
Batting: RHB Jur Prokop 0-0: Called Strike
0-1: Ball
1-1: Swinging Strike
1-2: Foul Ball, location: 2F
1-2: Ball
2-2: Reached on error, E6 (Groundball, 6)
José Reyes to second
Batting: RHB José Wood 0-0: Fly out, F3 (Line Drive, 34)
Lined into DP, U3 (Line Drive, 34)
Top of the 2nd over - 0 runs, 2 hits, 1 error, 1 left on base; Mancelona 0 - York 0
BOTTOM OF THE 2ND
York Revolution batting - Pitching for Mancelona Torch : RHP Rhys Maskell
Batting: RHB John Clark 0-0: Ball
1-0: Swinging Strike
1-1: Ball
2-1: Called Strike
2-2: Strikes out swinging
Batting: LHB Luis García 0-0: Fly out, F6 (Line Drive, 6M)
Batting: RHB Mike Fernández 0-0: Called Strike
0-1: Swinging Strike
0-2: Foul Ball, location: 2F
0-2: Ball
1-2: Foul Ball, location: 2F
1-2: Strikes out swinging
Bottom of the 2nd over - 0 runs, 0 hits, 0 errors, 0 left on base; Mancelona 0 - York 0
TOP OF THE 3RD
Mancelona Torch batting - Pitching for York Revolution : RHP Edo Culley
Batting: LHB Marcus Shill 0-0: Called Strike
0-1: Ball
1-1: Foul Ball, location: 2F
1-2: Strikes out swinging
Batting: RHB Vilhelm Loyen 0-0: Foul Ball, location: 2F
0-1: Fly out, F9 (Flyball, 9LSF)
Batting: SHB Ángel Pérez 0-0: Foul Ball, location: 2F
0-1: Foul Ball, location: 2F
0-2: Ball
1-2: Ball
2-2: Ball
3-2: Foul Ball, location: 2F
3-2: DOUBLE (Line Drive, 9LM)
Batting: RHB Dave Norton 0-0: Called Strike
0-1: Swinging Strike
0-2: Ground out 5-3 (Groundball, 56S)
Top of the 3rd over - 0 runs, 1 hit, 0 errors, 1 left on base; Mancelona 0 - York 0
BOTTOM OF THE 3RD
York Revolution batting - Pitching for Mancelona Torch : RHP Rhys Maskell
Batting: RHB Andy Alderliesten 0-0: Called Strike
0-1: Called Strike
0-2: Foul Ball, location: 2F
0-2: Fly out, F9 (Flyball, 9S)
Batting: RHB Tome Uso 0-0: Ground out 6-3 (Groundball, 6)
Batting: RHB Michael Carter 0-0: Called Strike
0-1: Ball
1-1: Swinging Strike
1-2: Fly out, F9 (Flyball, 9S)
Bottom of the 3rd over - 0 runs, 0 hits, 0 errors, 0 left on base; Mancelona 0 - York 0
TOP OF THE 4TH
Mancelona Torch batting - Pitching for York Revolution : RHP Edo Culley
Batting: LHB Badry Maksimenov 0-0: Ball
1-0: Ball
2-0: Foul Ball, location: 2F
2-1: SINGLE (Groundball, 3D)
Batting: LHB Xuan-ling Chen 0-0: Ball
1-0: Called Strike
1-1: Swinging Strike
1-2: Strikes out swinging
Batting: RHB José Reyes 0-0: Ball
1-0: Ball
2-0: Called Strike
2-1: Called Strike
2-2: Foul Ball, location: 2F
2-2: Ball
3-2: Foul Ball, location: 2F
3-2: SINGLE (Groundball, 34S) (infield hit)
Badry Maksimenov to second
Batting: RHB Jur Prokop 0-0: Foul Ball, location: 2F
0-1: Swinging Strike
0-2: Strikes out swinging
Batting: RHB José Wood 0-0: Ball
1-0: Foul Ball, location: 2F
1-1: Ball
2-1: Foul Ball, location: 2F
2-2: Foul Ball, location: 2F
2-2: Strikes out looking
Top of the 4th over - 0 runs, 2 hits, 0 errors, 2 left on base; Mancelona 0 - York 0
BOTTOM OF THE 4TH
York Revolution batting - Pitching for Mancelona Torch : RHP Rhys Maskell
Batting: LHB Travis Towns 0-0: Called Strike
0-1: Swinging Strike
0-2: Foul Ball, location: 2F
0-2: Ball
1-2: Ball
2-2: Ball
3-2: Foul Ball, location: 2F
3-2: Foul Ball, location: 2F
3-2: Foul Ball, location: 2F
3-2: Strikes out looking
Batting: RHB Reinaart Manshert 0-0: Reached on error, E9 (Flyball, 9S)
Batting: LHB Gong Mao 0-0: Ball
1-0: Ball
Reinaart Manshert is caught stealing 2nd base
2-0: Ball
3-0: Called Strike
3-1: Foul Ball, location: 2F
3-2: SOLO HOME RUN (Flyball, 9D), Distance : 387 ft
Batting: RHB John Clark 0-0: Swinging Strike
0-1: Swinging Strike
0-2: Foul Ball, location: 2F
0-2: Ball
1-2: Strikes out swinging
Bottom of the 4th over - 1 run, 1 hit, 1 error, 0 left on base; Mancelona 0 - York 1
TOP OF THE 5TH
Mancelona Torch batting - Pitching for York Revolution : RHP Edo Culley
Batting: LHB Marcus Shill 0-0: Called Strike
0-1: Ball
1-1: Ball
2-1: Foul Ball, location: 2F
2-2: Ball
3-2: Strikes out swinging
Batting: RHB Vilhelm Loyen 0-0: Ball
1-0: Called Strike
1-1: Called Strike
1-2: Ball
2-2: Ball
3-2: Foul Ball, location: 2F
3-2: SINGLE (Groundball, 6M) (infield hit)
Batting: SHB Ángel Pérez 0-0: Fly out, F8 (Flyball, 8RD)
Batting: RHB Dave Norton 0-0: Ball
1-0: Swinging Strike
1-1: Foul Ball, location: 2F
1-2: Ball
2-2: Ground out 1-3 (Groundball, P)
Top of the 5th over - 0 runs, 1 hit, 0 errors, 1 left on base; Mancelona 0 - York 1
BOTTOM OF THE 5TH
York Revolution batting - Pitching for Mancelona Torch : RHP Rhys Maskell
Batting: LHB Luis García 0-0: Fly out, F8 (Line Drive, 8RM)
Batting: RHB Mike Fernández 0-0: Swinging Strike
0-1: Fly out, F6 (Flyball, 56D)
Batting: RHB Andy Alderliesten 0-0: Ball
1-0: Called Strike
1-1: Ball
2-1: Ground out 4-3 (Groundball, 4M)
Bottom of the 5th over - 0 runs, 0 hits, 0 errors, 0 left on base; Mancelona 0 - York 1
TOP OF THE 6TH
Mancelona Torch batting - Pitching for York Revolution : RHP Edo Culley
Batting: LHB Badry Maksimenov 0-0: Ball
1-0: SINGLE (Line Drive, 89S)
Batting: LHB Xuan-ling Chen 0-0: Swinging Strike
0-1: Ball
1-1: Ball
2-1: Called Strike
2-2: Strikes out swinging
Batting: RHB José Reyes 0-0: Ball
1-0: Swinging Strike
1-1: Ball
2-1: Foul Ball, location: 2F
2-2: Ground out 4-3 (Groundball, 34)
Badry Maksimenov to second
Pitching: LHP Elmo Ciccolella
Batting: RHB Jur Prokop 0-0: Fly out, F7 (Line Drive, 7)
Top of the 6th over - 0 runs, 1 hit, 0 errors, 1 left on base; Mancelona 0 - York 1
BOTTOM OF THE 6TH
York Revolution batting - Pitching for Mancelona Torch : RHP Rhys Maskell
Batting: RHB Tome Uso 0-0: Ball
1-0: Ball
2-0: Ball
3-0: Called Strike
3-1: Ground out 4-3 (Groundball, 34)
Batting: RHB Michael Carter 0-0: Ball
1-0: Ball
2-0: Ground out 4-3 (Groundball, 4)
Batting: LHB Travis Towns 0-0: Ground out 4-3 (Groundball, 4)
Bottom of the 6th over - 0 runs, 0 hits, 0 errors, 0 left on base; Mancelona 0 - York 1
TOP OF THE 7TH
Mancelona Torch batting - Pitching for York Revolution : LHP Elmo Ciccolella
Batting: RHB José Wood 0-0: Ball
1-0: Foul Ball, location: 2F
1-1: Foul Ball, location: 2F
1-2: Strikes out swinging
Batting: LHB Marcus Shill 0-0: Swinging Strike
0-1: Swinging Strike
0-2: Ball
1-2: Strikes out looking
Batting: RHB Vilhelm Loyen 0-0: Foul Ball, location: 2F
0-1: Foul Ball, location: 2F
0-2: Fly out, F8 (Flyball, 8LXD)
Top of the 7th over - 0 runs, 0 hits, 0 errors, 0 left on base; Mancelona 0 - York 1
BOTTOM OF THE 7TH
York Revolution batting - Pitching for Mancelona Torch : RHP Rhys Maskell
Batting: RHB Reinaart Manshert 0-0: Ball
1-0: Foul Ball, location: 2F
1-1: Foul Ball, location: 2F
1-2: Strikes out swinging
Batting: LHB Gong Mao 0-0: Foul Ball, location: 2F
0-1: Ball
1-1: Ball
2-1: Foul Ball, location: 2F
2-2: Ball
3-2: Foul Ball, location: 2F
3-2: Fly out, F5 (Popup, 25)
Batting: RHB John Clark 0-0: Ball
1-0: Ball
2-0: Ball
3-0: Called Strike
3-1: Swinging Strike
3-2: Ground out 5-3 (Groundball, 56S)
Bottom of the 7th over - 0 runs, 0 hits, 0 errors, 0 left on base; Mancelona 0 - York 1
TOP OF THE 8TH
Mancelona Torch batting - Pitching for York Revolution : LHP Elmo Ciccolella
Now at 1B: Lee Byrum
Batting: SHB Ángel Pérez 0-0: Ball
1-0: SINGLE (Line Drive, 6)
Pitching: RHP Hollis Morse
Batting: RHB Dave Norton 0-0: Ball
1-0: Called Strike
1-1: Foul Ball, location: 2F
1-2: Ball
2-2: Fly out, F4 (Popup, 3DF)
Batting: LHB Badry Maksimenov 0-0: Ball
1-0: Foul Ball, location: 2F
1-1: Foul Ball, location: 2F
1-2: Ball
Balk!
Ángel Pérez to second
2-2: Strikes out looking
Batting: LHB Xuan-ling Chen 0-0: Ball
1-0: Foul Ball, location: 2F
1-1: Ball
2-1: Ball
3-1: Base on Balls
Batting: RHB José Reyes 0-0: Foul Ball, location: 2F
0-1: Foul Ball, location: 2F
0-2: Foul Ball, location: 2F
0-2: Ball
1-2: Strikes out swinging
Top of the 8th over - 0 runs, 1 hit, 0 errors, 2 left on base; Mancelona 0 - York 1
BOTTOM OF THE 8TH
York Revolution batting - Pitching for Mancelona Torch : RHP Rhys Maskell
Batting: LHB Luis García 0-0: Ball
1-0: SINGLE (Line Drive, 34D)
Batting: RHB Mike Fernández 0-0: Sac Bunt - play at first, batter OUT! 3-4
Luis García to second
Batting: RHB Andy Alderliesten 0-0: Intentional Walk
Batting: RHB Tome Uso 0-0: Foul Ball, location: 2F
0-1: Ball
1-1: Foul Ball, location: 2F
1-2: Ball
2-2: Ball
3-2: Foul Ball, location: 2F
3-2: Foul Ball, location: 2F
3-2: Foul Ball, location: 2F
3-2: SINGLE (Flyball, 8RS)
Luis García to third
Andy Alderliesten to second
Batting: RHB Michael Carter 0-0: Foul Ball, location: 2F
0-1: Ball
1-1: Swinging Strike
1-2: Strikes out looking
Pinch Hitting: LHB Jack MacOmish 0-0: Foul Ball, location: 2F
0-1: Foul Ball, location: 2F
0-2: Strikes out swinging
Bottom of the 8th over - 0 runs, 2 hits, 0 errors, 3 left on base; Mancelona 0 - York 1
TOP OF THE 9TH
Mancelona Torch batting - Pitching for York Revolution : RHP Hollis Morse
Now at 1B: Jack MacOmish
Batting: RHB Jur Prokop 0-0: Called Strike
0-1: SOLO HOME RUN (Flyball, 9LD), Distance : 348 ft
Batting: RHB José Wood 0-0: Ball
1-0: Called Strike
1-1: Ball
2-1: Foul Ball, location: 2F
2-2: Strikes out looking
Batting: LHB Marcus Shill 0-0: Ball
1-0: Ground out 3-1 (Groundball, 34)
Batting: RHB Vilhelm Loyen 0-0: Foul Ball, location: 2F
0-1: Ball
1-1: Ground out 6-3 (Groundball, 6)
Top of the 9th over - 1 run, 1 hit, 0 errors, 0 left on base; Mancelona 1 - York 1
BOTTOM OF THE 9TH
York Revolution batting - Pitching for Mancelona Torch : RHP Rhys Maskell
Batting: RHB Reinaart Manshert 0-0: Called Strike
0-1: Foul Ball, location: 2F
0-2: Ball
1-2: Fly out, F9 (Flyball, 9S)
Batting: LHB Gong Mao 0-0: Foul Ball, location: 2F
0-1: Ball
1-1: Fly out, F7 (Flyball, 7S)
Batting: RHB John Clark 0-0: Called Strike
0-1: Ball
1-1: Foul Ball, location: 2F
1-2: Ball
2-2: Foul Ball, location: 2F
2-2: DOUBLE (Flyball, 9D)
Batting: LHB Luis García 0-0: Foul Ball, location: 2F
0-1: Swinging Strike
0-2: Ball
1-2: Strikes out looking
Bottom of the 9th over - 0 runs, 1 hit, 0 errors, 1 left on base; Mancelona 1 - York 1
TOP OF THE 10TH
Mancelona Torch batting - Pitching for York Revolution : RHP Hollis Morse
Batting: SHB Ángel Pérez 0-0: Foul Ball, location: 2F
0-1: Ball
1-1: Called Strike
1-2: Strikes out looking
Batting: RHB Dave Norton 0-0: Called Strike
0-1: Ball
1-1: Ball
2-1: Ground out 6-3 (Groundball, 6)
Batting: LHB Badry Maksimenov 0-0: Called Strike
0-1: SOLO HOME RUN (Flyball, 9LD), Distance : 353 ft
Batting: LHB Xuan-ling Chen 0-0: Ball
1-0: Called Strike
1-1: Foul Ball, location: 2F
1-2: Ball
2-2: Foul Ball, location: 2F
2-2: Ball
3-2: SOLO HOME RUN (Flyball, 9LD), Distance : 371 ft
Pitching: RHP John Schmidt
Batting: RHB José Reyes 0-0: Ball
1-0: Foul Ball, location: 2F
1-1: Foul Ball, location: 2F
1-2: Foul Ball, location: 2F
1-2: Ground out U3 (Groundball, 3S)
Top of the 10th over - 2 runs, 2 hits, 0 errors, 0 left on base; Mancelona 3 - York 1
BOTTOM OF THE 10TH
York Revolution batting - Pitching for Mancelona Torch : RHP Rhys Maskell
Batting: RHB Mike Fernández 0-0: Called Strike
0-1: Called Strike
0-2: Ball
1-2: Foul Ball, location: 2F
1-2: Ball
2-2: Fly out, F9 (Flyball, 9LM)
Batting: RHB Andy Alderliesten 0-0: Ball
1-0: Called Strike
1-1: Fly out, F4 (Popup, 4S)
Batting: RHB Tome Uso 0-0: Fly out, F4 (Popup, 34S)
Bottom of the 10th over - 0 runs, 0 hits, 0 errors, 0 left on base; Mancelona 3 - York 1
Wednesday, September 19th, 2018 - OOTP Baseball 18.8 Build 76